 Dungeon Crawl Stone Soup version 0.28-a0-1629-gf728b707aa (webtiles) character file.

Game seed: 7174304205726256443

1 croobank the Sneak (level 1, 0/10 HPs)
             Began as a Felid Delver on Jan 24, 2022.
             Succumbed to an adder's poison
             ... on level 4 of the Dungeon.
             The game lasted 00:01:47 (240 turns).

croobank the Sneak (Felid Delver)                    Turns: 240, Time: 00:01:48

Health: 0/10       AC:  1    Str:  8    XL:     1   Next: 16%
Magic:  2/2        EV: 17    Int: 11    God:
Gold:   17         SH:  0    Dex: 17    Spells: 0/0 levels left
                                        Lives:  0   Deaths: 0

rFire   . . .      SeeInvis +     - Unarmed
rCold   . . .      Faith    .   (shield unavailable)
rNeg    . . .      Spirit   .   (armour unavailable)
rPois   .          Reflect  .   (helmet unavailable)
rElec   .          Harm     .   (cloak unavailable)
rCorr   .          Rampage  .   (gloves unavailable)
Will    ++...                   (boots unavailable)
Stlth   +++.......              (no amulet)
HPRegen 0.03/turn               f - ring of willpower
MPRegen 0.08/turn               h - ring of willpower

@: lethally poisoned (0 -> -3), attractive, hasted, very quick
A: very small, claws 1, fangs 3, see invisible, speed 1, shaggy fur 1, stealthy
paws, no weapons or thrown items, no armour, multi-lived
a: no special abilities


You were on level 4 of the Dungeon.
You visited 1 branch of the dungeon, and saw 2 of its levels.

You collected 17 gold pieces.

Inventory:

Jewellery
 f - a ring of willpower (left paw)
 h - a ring of willpower (right paw)
Wands
 e - a wand of digging (3)
Scrolls
 a - a scroll of fog
 c - a scroll of fear
Potions
 g - a potion of attraction


   Skills:
 + Level 3.0 Fighting
 + Level 2.7 Dodging
 + Level 6.6 Stealth
 + Level 2.0 Unarmed Combat


You couldn't memorise any spells.
You didn't know any spells.
Your spell library contained the following spells:

 Spells                   Type           Power      Damage    Failure   Level
 Dazzling Flash           Conj/Hex       0%         N/A       71%         3
 Agony                    Necr           0%         N/A       100%        5
 Silence                  Hex/Air        0%         N/A       100%        5


Dungeon Overview and Level Annotations

Branches:
Dungeon (5/15)
 Temple: D:4-7

Altars:


Innate Abilities, Weirdness & Mutations

You have sharp claws.
You have razor-sharp teeth.
You have supernaturally acute eyesight. (SInv)
You cover ground quickly. (Speed+)
You are covered in fur. (AC +1)
Your paws help you pounce on unaware monsters.
You are incapable of wielding weapons or throwing items.
You cannot wear armour.
You gain extra lives every three experience levels.


Message History

You barely miss the endoplasm.
The endoplasm is severely wounded.
The endoplasm barely misses you.
You scratch the endoplasm.
The endoplasm is almost dead.
The endoplasm hits you but does no damage.
You scratch the endoplasm.
You kill the endoplasm!
An iguana comes into view.
The iguana hisses angrily.
Found a spear.
You feel yourself speed up. The iguana barely misses you.
As you read the scroll of magic mapping, it crumbles to dust.
You feel aware of your surroundings.
You sensed 1 altar, and 1 shop/portal.
An adder comes into view.
The adder misses you. The adder barely misses you.
You open the door. The adder bites you.
You are lethally poisoned!
The adder poisons you!
You feel sick.
There is an open door here.
A giant cockroach comes into view.
* * * LOW HITPOINT WARNING * * *
You feel sick.
It was a potion of attraction.
You feel attractive to monsters.
* * * LOW HITPOINT WARNING * * *
You feel sick.
The giant cockroach is attracted toward you.
You barely miss the adder. The adder closely misses you.
The giant cockroach is attracted toward you.
You scratch the adder.
The adder is lightly wounded.
* * * LOW HITPOINT WARNING * * *
You feel sick. The giant cockroach closely misses you.
The adder closely misses you.
You scratch the adder.
The adder is moderately wounded.
You die...

#.l...l.............
#.#########.........
#.# *,.....####..
#.# #......+,,,,,
#.# ***#......#***,,
###.# *,....#####
*,, #...# *)....#
*** #...###.....#
#...S@B§....# ***
#...######### *,,
#...#*,,* *,,
#...#*,,* *,,
#...#*+******* *,,
#####*,,,,,,,* *,,
*******,* ****,,
*,****,,,,,
*,,,,*,****


You could see an adder and a giant cockroach.

Vanquished Creatures
  An endoplasm (D:4)
1 creature vanquished.

Notes
Turn   | Place    | Note
-------+----------+-------------------------------------------
     0 | D:5      | croobank the Felid Delver began the quest for the Orb.
     0 | D:5      | Reached XP level 1. HP: 10/10 MP: 2/2
   213 | D:4      | Noticed an iguana
   240 | D:4      | Succumbed to an adder's poison

Illustrated notes

Levels and vault maps discovered:
D:4:      minmay_recursive_quarters, layout_basic, nicolae_ru_awakened_eye,
          gammafunk_ghost_necromancy, serial_shops, nicolae_stop_n_shop_2,
          grunt_ministairs_9, supply_closet_lemuel, minivault_5,
          uniq_crazy_yiuf_cottage
D:5:      layout_basic, mainiacjoe_overflow_large_starburst,
          serial_corexii_hall, corexii_hall_statues_l, corexii_hall_statues_i,
          chequers_hall_statues_corner_a

Action                   || total
-------------------------++-------
Melee: Unarmed           ||     8
  Use: Potion            ||     2
       Scroll            ||     1
Armor: Skin              ||     1
Dodge: Dodged            ||     8

Table legend: (Time is in decaauts)
 A = Elapsed time spent in this place.
 B = Non-inter-level travel time spent in this place.
 C = Inter-level travel time spent in this place.
 D = Time resting spent in this place.
 E = Time spent auto-exploring this place.
 F = Levels seen in this place.
 G = Mean time per level.
                   A        B        C        D        E       F      G
               +--------+--------+--------+--------+--------+-----+--------+
         Total |    188 |    188 |      0 |      0 |    104 |   2 |   94.0 |
       Dungeon |    188 |    188 |      0 |      0 |    104 |   2 |   94.0 |
               +--------+--------+--------+--------+--------+-----+--------+

Top non-repeatable levels by time:
     D:5: 143 daAuts
     D:4: 44 daAuts
